 Dungeon Crawl Stone Soup version 0.24.0-13-gcf9b319 (webtiles) character file.

Game seed: 11469957485513462083, levelgen mode: deterministic

2803 Bronimir the Archer (level 9, 0/112 HPs)
             Began as a Centaur Arcane Marksman on Mar 31, 2020.
             Was a Believer of Okawaru.
             Succumbed to a killer bee's poison
             ... on level 7 of the Dungeon.
             The game lasted 00:22:28 (9986 turns).

Bronimir the Archer (Centaur Arcane Marksman)       Turns: 9986, Time: 00:22:29

Health: 0/112      AC: 24    Str: 13 (15) XL:     9   Next: 44%
Magic:  9/20       EV:  1    Int: 10 (12) God:    Okawaru [**....]
Gold:   151        SH:  0    Dex: 16      Spells: 1/11 levels left

rFire    . . .     SeeInvis .   a - +3 shortbow (flame)
rCold    . . .     Gourm    .   (shield currently unavailable)
rNeg     + + +     Faith    .   (armour currently unavailable)
rPois    +         Spirit   .   (helmet currently unavailable)
rElec    .         Reflect  .   (cloak currently unavailable)
rCorr    .         Harm     +   (gloves currently unavailable)
MR       .....     NoTele   +   (no barding)
Stlth    ++........             I - amulet of harm
HPRegen  0.28/turn              v - ring of magical power
MPRegen  0.17/turn              e - ring of teleportation (curse)

@: agile, lethally poisoned (0 -> -17), tree-form, very slightly contaminated
A: large
a: Heroism, Renounce Religion


You were on level 7 of the Dungeon.
You worshipped Okawaru.
Okawaru was pleased with you.
You were not hungry.
You were a tree.
You visited 2 branches of the dungeon, and saw 8 of its levels.

You collected 416 gold pieces.
You spent 265 gold pieces at shops.

Inventory:

Hand Weapons
 a - a +3 shortbow of flaming (weapon)
 b - a +2 spear of piercing
 s - a +0 hunting sling
 B - a +0 war axe
 C - a +0 whip of freezing
Missiles
 g - 114 stones
 k - 5 boomerangs
 l - 81 bolts
 o - 13 poisoned darts
 p - 17 arrows (quivered)
 D - 8 silver javelins
Armour
 i - a +1 leather armour (melded)
 r - a +0 ring mail
Jewellery
 e - a cursed ring of teleportation (right branch)
 h - a -2 ring of intelligence
 m - an uncursed ring of wizardry {unknown}
 n - an uncursed ring of fire
 v - a ring of magical power (left branch)
 A - a cursed ring of teleportation
 I - an amulet of harm (around neck)
Wands
 u - a wand of flame (21)
 y - a wand of iceblast (10)
Scrolls
 c - 6 scrolls of identify
 q - 2 scrolls of fog
 t - 4 scrolls of remove curse
 w - 2 scrolls of teleportation {unknown}
 x - 2 scrolls of enchant armour
 z - 5 scrolls of amnesia
Comestibles
 f - 9 rations


   Skills:
 * Level 5.7 Fighting
 + Level 2.3(2.6) Axes
 * Level 1.5(2.2) Polearms
 * Level 11.2 Bows
 + Level 0.9 Throwing
 * Level 2.3 Armour
 + Level 2.0 Dodging
 + Level 1.8 Spellcasting
 + Level 0.2 Conjurations
 * Level 5.6 Hexes


You had one spell level left.
You knew the following spells:

 Your Spells              Type           Power        Failure   Level  Hunger
a - Corona                Hex            ##.....      3%          1    ##.....
b - Slow                  Hex            ##......     4%          2    ###....
c - Cause Fear            Hex            ##........   32%         4    #####..
d - Dazzling Spray        Conj/Hex       #.....       28%         3    ####...

Your spell library contained the following spells:

 Spells                   Type           Power        Failure   Level  Hunger
 Magic Dart               Conj           #...         28%         1    ##.....
 Inner Flame              Hex/Fire       #.......     30%         3    ####...
 Portal Projectile        Hex/Tloc       #.....       30%         3    ####...
 Searing Ray              Conj           #.....       41%         2    ###....
 Fulminant Prism          Conj/Hex       #.........   67%         4    #####..
 Leda's Liquefaction      Hex/Erth       #.........   69%         4    #####..
 Iskenderun's Mystic Bla  Conj           #.......     96%         4    #####..
 Force Lance              Conj/Tloc      #.......     97%         4    #####..


Dungeon Overview and Level Annotations

Branches:
Dungeon (7/15)             Temple (1/1) D:5

Altars:
Ashenzari
Cheibriados
Elyvilon
Fedhas
Gozag
Kikubaaqudgha
Makhleb
Nemelex Xobeh
Okawaru
Ru
Vehumet
Xom
Yredelemnul
The Shining One

Shops:
D:5 (

Annotations:
D:2 Sigmund
D:7 1 runed translucent door


Innate Abilities, Weirdness & Mutations

((You have hooves in place of feet.))
((Armour fits poorly on your strangely shaped body.))
((You cover ground very quickly.))
((You have extremely tough skin. (AC +3)))


Message History

You feel agile all of a sudden.
* * * LOW HITPOINT WARNING * * *
You feel sick.
Firing (i - inventory. (/) - cycle)
p - 19 arrows (quivered)
Press: ? - help, Shift-Dir - straight line, f - killer bee
Aim: a killer bee You shoot an arrow.
The arrow hits the killer bee.
The arrow burns the killer bee.
The killer bee is lightly wounded.
* * * LOW HITPOINT WARNING * * *
You feel sick.
The killer bee stings you but does no damage. x3
Firing (i - inventory. (/) - cycle)
p - 18 arrows (quivered)
Press: ? - help, Shift-Dir - straight line, f/p - killer bee
Aim: a killer bee (lightly wounded)
You shoot an arrow. The arrow hits the killer bee!
The arrow burns the killer bee.
You kill the killer bee!
Okawaru accepts your kill.
You die...

### #...[....>................. #
##...........^..............
#...........................
#####.......)...................
#...............................
##.##############...............#
.#.# #.#..>............# ...#
##.##..............# ...##
#.(♣#..............# ....# #.#y#
........... ..#.# #.....#
.........#. .##..# #.#.#.#
.........#. ## #.# #. .. ..
........#.. # ..# # ##. #.#
..........# # #.## ##.##..
.........## ## #..#
..(....##.........# .####..# ##
.#§#........##


You could see a killer bee.

Vanquished Creatures
  Pikel (D:4)
  A steam dragon (D:7)
  Menkaure (D:4)
  A sky beast (D:5)
  2 orc warriors (D:5)
  A phantom (D:6)
  2 ogres
  A necrophage (D:6)
  2 centaurs
  5 bullfrogs
  A water moccasin skeleton (D:7)
  A scorpion (D:4)
  2 killer bees (D:7)
  A howler monkey (D:6)
  A crimson imp (D:7)
  A hound (D:6)
  3 orc wizards
  A centaur skeleton (D:5)
  An orc priest (D:6)
  A bullfrog skeleton (D:6)
  A jelly (D:5)
  An iguana (D:5)
  A worker ant (D:4)
  A killer bee zombie (D:6)
  A hound zombie (D:5)
  A hound skeleton (D:6)
  Robin (D:4)
  A howler monkey skeleton (D:4)
  17 gnolls
  7 adders
  2 shadow imps (D:6)
  2 adder skeletons
  3 worms
  2 dart slugs (D:1)
  7 leopard geckos
  28 orcs
  7 giant cockroaches
  18 goblins
  3 hobgoblins
  7 bats
  6 frilled lizards
  A jackal skeleton (D:5)
  10 kobolds
  A quokka zombie (D:5)
  8 rats
167 creatures vanquished.

Vanquished Creatures (others)
  A frilled lizard (D:4)
1 creature vanquished.

Grand Total: 168 creatures vanquished

Notes
Turn   | Place    | Note
-------+----------+-------------------------------------------
     0 | D:1      | Bronimir the Centaur Arcane Marksman began the quest for
                  | the Orb.
     0 | D:1      | Reached XP level 1. HP: 16/16 MP: 2/2
    80 | D:1      | Reached skill level 3 in Bows
   198 | D:1      | Reached XP level 2. HP: 15/23 MP: 3/3
   672 | D:1      | Learned a level 2 spell: Slow
  1007 | D:2      | Noticed Sigmund
  1242 | D:2      | Reached XP level 3. HP: 25/28 MP: 4/4
  1668 | D:2      | Reached skill level 4 in Bows
  2816 | D:3      | Reached XP level 4. HP: 29/35 MP: 5/5
  3094 | D:3      | Reached skill level 5 in Bows
  3245 | D:3      | Found an opulent altar of Gozag.
  3359 | D:3      | Noticed an ogre
  3443 | D:3      | Killed an ogre
  3443 | D:3      | Reached skill level 6 in Bows
  3443 | D:3      | Reached XP level 5. HP: 20/41 MP: 2/6
  4052 | D:4      | Noticed Menkaure
  4090 | D:4      | Killed Menkaure
  4090 | D:4      | Reached XP level 6. HP: 7/50 MP: 3/7
  4424 | D:4      | Learned a level 4 spell: Cause Fear
  4498 | D:4      | Noticed Robin
  4521 | D:4      | Killed Robin
  4765 | D:4      | Noticed a slave
  4765 | D:4      | Noticed a slave
  4766 | D:4      | Noticed a slave
  4768 | D:4      | Noticed Pikel
  4866 | D:4      | HP: 1/50 [slave[Pikel] (7)]
  4876 | D:4      | Noticed a slave
  4982 | D:4      | Killed Pikel
  4982 | D:4      | Reached skill level 1 in Axes
  4982 | D:4      | Reached skill level 8 in Bows
  4982 | D:4      | Reached XP level 7. HP: 23/57 MP: 3/9
  5977 | D:5      | Entered Level 5 of the Dungeon
  5995 | D:5      | Found Vuil's Weapon Shop.
  6009 | D:5      | Bought 24 arrows for 57 gold pieces
  6009 | D:5      | Bought a +2 shortbow of flaming for 208 gold pieces
  6054 | D:5      | Reached skill level 1 in Armour
  6054 | D:5      | Reached XP level 8. HP: 45/66 MP: 10/10
  6174 | D:5      | Reached skill level 9 in Bows
  6286 | D:5      | Found a staircase to the Ecumenical Temple.
  6411 | Temple   | Entered the Ecumenical Temple
  6432 | Temple   | Became a worshipper of Warmaster Okawaru
  6439 | Temple   | Learned a level 3 spell: Dazzling Spray
  6595 | D:5      | Found a shattered altar of Ashenzari.
  6827 | D:5      | Found a stormy altar of Qazlal.
  6840 | D:5      | Found a shattered altar of Ashenzari.
  6840 | D:5      | Found a sacrificial altar of Ru.
  6844 | D:5      | Found a sacrificial altar of Ru.
  6844 | D:5      | Found a shimmering altar of Xom.
  6844 | D:5      | Found a blossoming altar of Fedhas.
  6971 | D:6      | Reached skill level 10 in Bows
  6982 | D:6      | Reached skill level 5 in Fighting
  7019 | D:6      | Reached * piety under Okawaru
  7598 | D:6      | Found a radiant altar of Vehumet.
  7621 | D:6      | Reached skill level 1 in Polearms
  7637 | D:6      | Reached skill level 5 in Hexes
  7637 | D:6      | Reached XP level 9. HP: 23/74 MP: 7/11
  7940 | D:5      | HP: 3/74 [bullfrog (6)]
  7948 | D:5      | HP: 2/74 [bullfrog (1)]
  9446 | D:7      | Reached skill level 11 in Bows
  9865 | D:7      | Reached ** piety under Okawaru
  9972 | D:7      | Found a runed translucent door.
  9983 | D:7      | HP: 4/112 [poisoned by a killer bee]
  9985 | D:7      | HP: 1/112 [poisoned by a killer bee]
  9986 | D:7      | Succumbed to a killer bee's poison

Levels and vault maps discovered:
D:1:      lemuel_arrival_muddy, layout_loops_corners
D:2:      layout_basic, uniq_sigmund
D:3:      layout_basic, nicolae_gozag_seed_capital, first_ration,
          chequers_serial_rivers_micro_b, minmay_misc_feat_more_columns
D:4:      layout_loops_corners, uniq_robin, uniq_pikel, uniq_menkaure
D:5:      kennysheep_big_flooded_room, layout_rooms, old_standard_altar,
          minmay_temple_entry_nine_rooms, serial_shops, shop,
          doesnt_xom_only_xom
D:6:      layout_basic, vehumet_crystals, st_stairs_1
D:7:      minmay_the_grid_triangle_9x9_rhombus_thin
          [minmay_the_grid_triangle_9x9_descending_squares,
          minmay_the_grid_triangle_9x9_prize_schism,
          minmay_the_grid_triangle_9x9_subtriangle,
          minmay_the_grid_triangle_9x9_limited_checkers], layout_layer_cave,
          serial_rivers, chequers_serial_rivers_large_a,
          chequers_serial_rivers_micro_c, chequers_serial_rivers_small_3,
          chequers_serial_rivers_room_b, chequers_serial_rivers_micro_e,
          chequers_serial_rivers_room_a, kennysheep_minor_cross
Temple:   eino_temple_scatter_basement

Skill      XL: |  1  2  3  4  5  6  7  8  9 |
---------------+----------------------------+-----
Bows           | 3 4 6 8 10 11 | 11.2
Hexes          | 3 4 5 |  5.6
Fighting       | 2 3 4 5 |  5.7
Axes           | 1 2 |  2.3
Armour         | 1 2 |  2.3
Polearms       | 1 |  1.5
Dodging        | 2 |  2.0
Throwing       | |  0.9
Spellcasting   | |  1.8
Conjurations   | |  0.2

Action                   |  1- 3 |  4- 6 |  7- 9 || total
-------------------------+-------+-------+-------++-------
Melee: Mace              |    17 |       |       ||    17
       Kick              |     3 |     1 |    16 ||    20
       War axe           |       |     7 |     3 ||    10
       Spear             |       |       |    91 ||    91
 Fire: Shortbow          |   152 |   194 |   265 ||   611
Throw: Stone             |       |     6 |    18 ||    24
       Boomerang         |       |       |     6 ||     6
 Cast: Slow              |     5 |    12 |     5 ||    22
       Corona            |       |     2 |       ||     2
       Dazzling Spray    |       |       |    11 ||    11
       Cause Fear        |       |       |     1 ||     1
  Use: Potion            |     2 |     2 |     5 ||     9
       Scroll            |       |       |    12 ||    12
  Eat: Chunk             |     2 |     5 |     8 ||    15
       Ration            |     1 |       |     3 ||     4
Armor: Robe              |     5 |       |       ||     5
       Leather armour    |    18 |    29 |    53 ||   100
       Skin              |       |       |     3 ||     3
Dodge: Dodged            |    35 |    46 |    86 ||   167
